 Dungeon Crawl Stone Soup version 0.27-a0-1191-g601b473118 (webtiles) character file.

Game seed: 14091388906145932165

20115 karkarkar the Spear-Bearer (level 12, -5/160 HPs)
             Began as a Minotaur Berserker on May 24, 2021.
             Was a High Priest of Trog.
             Slain by a gargoyle
             ... wielding a +0 mace
              (10 damage)
             ... on level 12 of the Dungeon.
             The game lasted 00:41:09 (14311 turns).

karkarkar the Spear-Bearer (Minotaur Berserker)    Turns: 14311, Time: 00:41:09

Health: -5/160     AC: 15    Str: 34    XL:     12   Next: 42%
Magic:  11/11      EV: 10    Int:  7    God:    Trog [*****.]
Gold:   953        SH: 13    Dex: 17    Spells: 11/11 levels left

rFire    + . .     SeeInvis +   w - +6 trident "Satep" {vorpal, rElec rN+}
rCold    + + +     Faith    .   y - +2 buckler
rNeg     + . .     Spirit   .   s - +0 plate armour "Casyorya" {rC+ Str+8}
rPois    .         Reflect  +   (helmet restricted)
rElec    +         Harm     .   t - +1 cloak {Stlth+}
rCorr    .         Rampage  .   (no gloves)
Will     ++...                  H - +0 pair of boots
Stlth    ..........             v - amulet of reflection
HPRegen  1.36/turn              q - ring "Xionlit" {Int+3 Dex+6}
MPRegen  0.12/turn              i - ring "Kajisah" {*Corrode Fly rF+ rC+++ SInv}

@: berserking (expiring), lethally poisoned (-5 -> -9), strong-willed
(expiring), corroded, flying, regenerating (expiring), very quick
A: horns 2, retaliatory headbutt
a: Renounce Religion, Berserk, Trog's Hand, Brothers in Arms


You were on level 12 of the Dungeon.
You worshipped Trog.
Trog was extremely pleased with you.
You visited 1 branch of the dungeon, and saw 12 of its levels.
You also visited: Bailey.

You collected 953 gold pieces.

Inventory:

Hand Weapons
 c - a +3 morningstar of venom
 w - the +6 trident "Satep" (weapon) {vorpal, rElec rN+}
   (You found it on level 6 of the Dungeon)

   It inflicts extra damage upon your enemies.
   It insulates you from electricity.
   It protects you from negative energy.
 I - a +1 mace of holy wrath
Missiles
 b - 5 javelins
 A - 18 boomerangs of dispersal
Armour
 s - the +0 plate armour "Casyorya" (worn) {rC+ Str+8}
   (You took it off an orc in a bailey)

   It affects your strength (+8).
   It protects you from cold.
 t - a +1 cloak of stealth (worn)
 y - a +2 buckler (worn)
 z - +0 acid dragon scales
 H - a +0 pair of boots (worn)
Jewellery
 i - the ring "Kajisah" (right hand) {*Corrode Fly rF+ rC+++ SInv}
   (You acquired it on level 9 of the Dungeon)

   [ring of see invisible]

   It protects you from fire.
   It renders you almost immune to cold.
   It lets you see invisible.
   It grants you flight.
   It may corrode you when you take damage.
 q - the ring "Xionlit" (left hand) {Int+3 Dex+6}
   (You found it on level 4 of the Dungeon)

   [ring of dexterity]

   It affects your intelligence (+3).
   It affects your dexterity (+6).
 v - an amulet of reflection (around neck)
 x - a ring of willpower
Wands
 a - a wand of flame (41)
 n - a wand of digging (12)
 o - a wand of polymorph (6)
 p - a wand of iceblast (16) (quivered)
 C - a wand of acid (9)
 F - a wand of paralysis (8)
Scrolls
 f - a scroll of noise
 h - 3 scrolls of enchant weapon
 j - a scroll of magic mapping
 l - a scroll of brand weapon
 m - a scroll of holy word
 r - a scroll of fog {unknown}
 E - a scroll of summoning
 G - a scroll of teleportation
 J - 2 scrolls of identify
Potions
 d - 12 potions of curing
 e - a potion of might
 g - 4 potions of heal wounds
 k - a potion of degeneration {unknown}
 u - a potion of magic
 B - a potion of cancellation {unknown}
 D - a potion of flight {unknown}


   Skills:
 + Level 10.4 Fighting
 - Level 4.3 Short Blades
 + Level 4.7(10.7) Axes
 + Level 7.4(8.0) Maces & Flails
 + Level 12.7(13.0) Polearms
 + Level 0.1 Throwing
 + Level 11.8 Armour
 + Level 4.0 Dodging
 * Level 6.2 Stealth
 + Level 6.3 Shields
 - Level 1.0 Evocations


You had 11 spell levels left.
You didn't know any spells.
Your spell library was empty.

Dungeon Overview and Level Annotations

Branches:
Dungeon (12/15)            Temple (0/1) D:6            Lair (0/6) D:8
    Orc (0/2) D:11         Bailey (visited)

Altars:
Elyvilon
Fedhas
Gozag
Hepliaklqana
Ru
Vehumet
Xom
Yredelemnul
Zin

Shops:
D:1 [   D:2 =   D:8 ?

Annotations:
D:10 exclusion: ice statue


Innate Abilities, Weirdness & Mutations

You have a pair of horns on your head.
You reflexively headbutt those who attack you in melee.


Message History

The tengu reaver points at you and mumbles some strange words.
The bolt of poison hits you!!
You are poisoned.
You are too injured to fight recklessly!
You miss the tengu reaver.
You headbutt the tengu reaver, but do no damage.
The tengu reaver is heavily wounded.
You feel very sick.
You impale the tengu reaver!!
The tengu reaver is severely wounded.
You feel very sick. The tengu reaver casts a spell at you.
The bolt of acid hits you!!!
* * * LOW HITPOINT WARNING * * *
The acid corrodes you!
You are splashed with acid!
* * * LOW HITPOINT WARNING * * *
Unknown command.
Okay, then.
You are too berserk!
You puncture the tengu reaver! You headbutt the tengu reaver.
The tengu reaver is almost dead.
* * * LOW HITPOINT WARNING * * *
You feel sick.
You impale the tengu reaver!!
You kill the tengu reaver!
Trog accepts your kill.
Trog appreciates your killing of a magic user.
* * * LOW HITPOINT WARNING * * *
You feel sick.
* * * LOW HITPOINT WARNING * * *
You feel very sick. The gargoyle barely misses you. You furiously retaliate!
You headbutt the gargoyle!
Things that are here:
a +0 great sword; a +0 ring mail You barely miss the gargoyle.
Your headbutt misses the gargoyle.
The gargoyle is almost destroyed.
* * * LOW HITPOINT WARNING * * *
You feel sick. The gargoyle hits you with a +0 mace!
You die...

#.# .. #.## ...#...## #.##
###..#.....####..##
.....#..........#
###...............#
######.........# #.....# #
.......#.##..#.###.....# #
.......#.##....##.....####
..^......@9.............<.
###########...##.#....####
##### ##.......####.#
##...## ##...#....# #.####
#.....## ##[..##..#.#
#.#... ...#...##
##9..###.##.####...##
..###Q.(## ##Q.)##
#.#...)...)... .##
##...###...##
#.[........... ##
##...#...## #........)....


You could see a gargoyle.

Vanquished Creatures
  A tengu reaver (D:12)
  Azrael (D:12)
  3 two-headed ogres
  A skeletal warrior (D:12)
  An ugly thing (D:12)
  An orc knight (D:12)
  A manticore (D:12)
  6 slime creatures (D:12)
  3 cyclopes
  3 gargoyles
  Maggie (D:8)
  4 trolls
  Prince Ribbit (D:6)
  Grinder (D:3)
  A shadow (D:12)
  A wyvern (D:9)
  5 fire elementals (D:12)
  10 yaks
  2 wraiths
  3 hogs (D:9)
  A steam dragon (D:10)
  A human (D:9)
  6 vampire mosquitoes
  Menkaure (D:4)
  2 water moccasins
  3 acid dragons
  5 ice beasts
  10 orc warriors
  2 ogres (D:4)
  A sky beast (D:6)
  A centaur (D:8)
  2 phantoms (D:11)
  4 kobold brigands
  3 bullfrogs
  A gnoll sergeant (D:10)
  A wyvern zombie (D:8)
  3 scorpions
  A water moccasin skeleton (D:7)
  3 troll zombies (D:11)
  A bullfrog zombie (D:5)
  2 centaur zombies
  2 jellies
  A gnoll shaman (D:6)
  5 orc priests
  3 centaur skeletons
  5 hounds
  3 bullfrog skeletons
  3 iguanas (D:6)
  7 orc wizards
  4 ogre zombies (D:11)
  A hound skeleton (D:4)
  2 howler monkey skeletons
  10 gnolls
  8 adders
  3 white imps
  An ufetubus (D:6)
  2 adder skeletons (D:4)
  4 worms
  4 dart slugs
  41 orcs
  3 bats
  5 endoplasms
  2 giant cockroaches
  10 goblins
  9 hobgoblins
  14 jackals
  16 kobolds
  4 quokkas
  6 ball pythons
  A frilled lizard (D:1)
  4 goblin zombies (D:11)
  A hobgoblin skeleton (D:11)
  3 hobgoblin zombies (D:11)
  5 orc skeletons (D:11)
  12 orc zombies (D:11)
  7 rats
  A rat zombie (D:12)
316 creatures vanquished.

Vanquished Creatures (collateral kills)
  Erolcha (D:9)
1 creature vanquished.

Vanquished Creatures (others)
  A plant (D:5)
1 creature vanquished.

Grand Total: 318 creatures vanquished

Notes
Turn   | Place    | Note
-------+----------+-------------------------------------------
     0 | D:1      | karkarkar the Minotaur Berserker began the quest for the
                  | Orb.
     0 | D:1      | Reached XP level 1. HP: 19/19 MP: 0/0
   120 | D:1      | Found Cenol's Armour Shoppe.
   452 | D:1      | Found a faded altar of an unknown god.
   513 | D:1      | Reached XP level 2. HP: 23/27 MP: 1/1
  1144 | D:2      | Reached XP level 3. HP: 33/33 MP: 2/2
  1349 | D:2      | Found Noeczenu's Jewellery Emporium.
  1519 | D:2      | Reached ** piety under Trog
  1661 | D:2      | Found a basalt altar of Yredelemnul.
  1786 | D:2      | Identified the Handbook of Harmful Poison
  2169 | D:3      | Noticed an ice beast
  2181 | D:3      | Killed an ice beast
  2182 | D:3      | Reached skill level 1 in Short Blades
  2182 | D:3      | Reached XP level 4. HP: 41/41 MP: 3/3
  2182 | D:3      | Reached XP level 5. HP: 47/47 MP: 4/4
  2631 | D:3      | Found a glowing silver altar of Zin.
  2631 | D:3      | Found a white marble altar of Elyvilon.
  2735 | D:3      | Noticed Grinder
  2740 | D:3      | Paralysed by Grinder for 7 turns
  2757 | D:3      | Paralysed by Grinder for 6 turns
  2788 | D:3      | Killed Grinder
  2789 | D:3      | Reached skill level 5 in Fighting
  2789 | D:3      | Reached XP level 6. HP: 29/56 MP: 5/5
  3387 | D:4      | Reached skill level 5 in Armour
  3444 | D:4      | Identified the ring "Xionlit" {Int+3 Dex+6}
  3524 | D:4      | Reached XP level 7. HP: 30/61 MP: 6/6
  3859 | D:4      | Reached *** piety under Trog
  3953 | D:4      | Noticed Menkaure
  3957 | D:4      | Killed Menkaure
  4174 | D:4      | Reached skill level 1 in Maces & Flails
  4508 | D:5      | Entered Level 5 of the Dungeon
  4771 | D:5      | Reached XP level 8. HP: 69/71 MP: 7/7
  4974 | D:5      | Reached **** piety under Trog
  5008 | D:5      | Found a blossoming altar of Fedhas.
  5252 | D:5      | Found a faded altar of an unknown god.
  5252 | D:5      | Found a faded altar of an unknown god.
  5252 | D:5      | Found a hazy altar of Hepliaklqana.
  5328 | D:6      | Reached skill level 5 in Maces & Flails
  5409 | D:6      | Identified the +6 trident "Satep" {vorpal, rElec rN+}
  5458 | D:6      | Noticed Prince Ribbit
  5469 | D:6      | Killed Prince Ribbit
  5578 | D:6      | Reached skill level 1 in Polearms
  5688 | D:6      | Reached XP level 9. HP: 78/79 MP: 8/8
  6067 | D:6      | Found a staircase to the Ecumenical Temple.
  6238 | D:6      | Reached skill level 2 in Polearms
  6675 | D:7      | Reached skill level 3 in Polearms
  7053 | D:7      | Reached skill level 4 in Polearms
  7053 | D:7      | Reached skill level 1 in Shields
  7197 | D:7      | Reached ***** piety under Trog
  7212 | D:7      | Found a flagged portal.
  7241 | Bailey   | Entered a bailey
  7728 | Bailey   | Reached skill level 5 in Polearms
  7966 | Bailey   | Identified the +0 plate armour "Casyorya" {rC+ Str+8}
  7999 | Bailey   | Reached skill level 6 in Polearms
  8545 | D:7      | Found a shimmering altar of Xom.
  9136 | D:8      | Noticed Maggie
  9156 | D:8      | Killed Maggie
  9445 | D:8      | Reached XP level 10. HP: 90/90 MP: 9/9
  9506 | D:8      | Found a staircase to the Lair.
  9565 | D:8      | Found Iroifrio's Magic Scroll Boutique.
  9597 | D:8      | Reached skill level 7 in Polearms
  9597 | D:8      | Reached skill level 1 in Evocations
  9890 | D:8      | Reached skill level 1 in Stealth
 10106 | D:9      | Reached skill level 8 in Polearms
 10147 | D:9      | Found a radiant altar of Vehumet.
 10175 | D:9      | Noticed Erolcha
 10179 | D:9      | Killed Erolcha
 10635 | D:9      | Reached skill level 9 in Polearms
 10643 | D:9      | Reached skill level 10 in Armour
 10808 | D:9      | Found a sacrificial altar of Ru.
 11108 | D:9      | Identified a scroll of acquirement
 11111 | D:9      | Acquired the ring "Kajisah" {*Corrode Fly rF+ rC+++ SInv}
 11134 | D:10     | Entered Level 10 of the Dungeon
 11157 | D:10     | Found an opulent altar of Gozag.
 11328 | D:10     | Reached XP level 11. HP: 65/97 MP: 10/10
 12160 | D:11     | Received a gift from Trog
 12161 | D:11     | Reached skill level 10 in Polearms
 12232 | D:11     | Noticed a two-headed ogre
 12242 | D:11     | Killed a two-headed ogre
 12365 | D:11     | Found a staircase to the Orcish Mines.
 12533 | D:11     | Noticed a two-headed ogre
 12546 | D:11     | Killed a two-headed ogre
 12547 | D:11     | Reached skill level 11 in Polearms
 13167 | D:12     | Noticed a two-headed ogre
 13177 | D:12     | Killed a two-headed ogre
 13251 | D:12     | Reached skill level 5 in Stealth
 13276 | D:12     | Noticed a brown ugly thing
 13290 | D:12     | Killed a brown ugly thing
 13291 | D:12     | Reached skill level 10 in Fighting
 13333 | D:12     | Noticed Azrael
 13350 | D:12     | Killed Azrael
 13351 | D:12     | Reached skill level 12 in Polearms
 13351 | D:12     | Reached skill level 5 in Shields
 13486 | D:12     | Noticed a skeletal warrior
 13502 | D:12     | Killed a skeletal warrior
 13503 | D:12     | Reached XP level 12. HP: 84/106 MP: 11/11
 14269 | D:12     | Noticed a tengu reaver
 14309 | D:12     | Killed a tengu reaver
 14309 | D:12     | HP: 7/160 [poisoned by a tengu reaver (bolt of poison)]
 14311 | D:12     | Slain by a gargoyle

Illustrated notes

Levels and vault maps discovered:
D:1:      heliophobic_arrival_henge, layout_basic, basic_ecumenical_altar,
          serial_shops, nicolae_shop_temple_entry_statues_fountains,
          minmay_misc_feat_more_columns
D:2:      layout_basic, serial_shops, shop, basic_altar, nrook_campfire
D:3:      layout_loops_corners, jmf_multi_god_temple, uniq_grinder
D:4:      layout_rooms, minmay_stone_trees_small, corexii_leaking_fountain,
          minmay_pentangle, uniq_menkaure
D:5:      layout_rooms, fedhas_altar_2, nicolae_hepliaklqana_ecumenical_no_more
D:6:      layout_layer_cave, minmay_temple_entry_crystal_x, uniq_prince_ribbit1
D:7:      layout_basic, kennysheep_mini_moat, enter_bailey_5
D:8:      layout_loops_corners, lair_entry_dummy, serial_shops,
          nicolae_shop_crystal, nicolae_sextant, minmay_unpleasant_kobolds,
          uniq_maggie
D:9:      layout_loops_ring, fiery_altar_vehumet, kennysheep_little_box,
          hangedman_decor_clover_reticule, chequers_jeans, grunt_livestock,
          uniq_erolcha
D:10:     cheibrodos_frozen_isle, layout_irregular_city,
          nicolae_gozag_seed_capital
D:11:     layout_loops_ring, zombieorc2_lemuel
D:12:     evilmike_diamond_1, layout_rooms, lemuel_zombie_altar_kikubaaqudgha,
          uniq_azrael

Skill      XL: |  1  2  3  4  5  6  7  8  9 10 11 12 |
---------------+-------------------------------------+-----
Axes           | 4 |  4.7
Fighting       | 4 5 6 7 8 9 10 | 10.4
Armour         | 3 4 5 6 7 9 10 11 | 11.8
Short Blades   | 1 2 4 |  4.3
Dodging        | 3 4 |  4.0
Maces & Flails | 2 7 |  7.4
Polearms       | 1 6 9 12 | 12.7
Shields        | 2 4 5 6 |  6.3
Evocations     | 1 |  1.0
Stealth        | 3 5 6 |  6.2
Throwing       | |  0.1

Action                   |  1- 3 |  4- 6 |  7- 9 | 10-12 || total
-------------------------+-------+-------+-------+-------++-------
Melee: Dagger            |   127 |   121 |    18 |       ||   266
       Headbutt          |    18 |    29 |    60 |   101 ||   208
       Morningstar       |       |       |   104 |       ||   104
       Hand axe          |       |       |     4 |       ||     4
       Trident           |       |       |   143 |   409 ||   552
Throw: Javelin           |       |       |     1 |       ||     1
Invok: Berserk           |     1 |     2 |     8 |     8 ||    19
       Trog's Hand       |       |       |     1 |     4 ||     5
       Brothers in Arms  |       |       |       |     3 ||     3
Evoke: Wand              |       |       |    12 |       ||    12
  Use: Scroll            |     1 |     1 |     6 |     5 ||    13
       Potion            |     1 |       |     4 |     1 ||     6
Armor: Animal skin       |     3 |       |       |       ||     3
       Plate armour      |    79 |    73 |   146 |    99 ||   397
Dodge: Dodged            |    45 |    40 |   127 |    94 ||   306
Block: Other             |       |       |    49 |    30 ||    79
       Reflection        |       |       |     1 |     7 ||     8
       Buckler           |       |       |       |    81 ||    81

Table legend: (Time is in decaauts)
 A = Elapsed time spent in this place.
 B = Non-inter-level travel time spent in this place.
 C = Inter-level travel time spent in this place.
 D = Time resting spent in this place.
 E = Time spent auto-exploring this place.
 F = Levels seen in this place.
 G = Mean time per level.
                   A        B        C        D        E       F      G
               +--------+--------+--------+--------+--------+-----+--------+
         Total |  14387 |  14022 |    365 |   1861 |   9211 |  13 | 1106.7 |
       Dungeon |  13252 |  12887 |    365 |   1334 |   9102 |  12 | 1104.3 |
        Bailey |   1135 |   1135 |      0 |    526 |    109 |   1 | 1135.0 |
               +--------+--------+--------+--------+--------+-----+--------+

Top non-repeatable levels by time:
     D:3: 1265 daAuts
     D:4: 1264 daAuts
     D:6: 1262 daAuts
     D:7: 1221 daAuts
     D:9: 1149 daAuts
     D:2: 1139 daAuts
  Bailey: 1135 daAuts
    D:12: 1080 daAuts
     D:1: 1057 daAuts
    D:11: 1040 daAuts
     D:8: 1035 daAuts
    D:10: 1020 daAuts
     D:5: 716 daAuts
